AoeStats
← 吐司_ARIES

African Clearing

504025974Analyzed
3v3 RM · 28d ago on Sep 3, 2026· 51m 28s· 6 players
Game mode
Random Map
Map size
Normal (6 player)
Population
200
Speed
Normal
Resources
Standard
Victory
Conquest
Starting age
Dark Age
Ending age
Imperial Age
RankedLock teamsTeams togetherTeam positionsShared explorationLock speedFull tech treeHidden civsTurbo modeCheats
Victory
Defeat
🇭🇰 Berbers · Hong Kong SAR China
1154
+16
🇮🇳 Slavs · India
1097
+18
🇭🇰 Franks · Hong Kong SAR China
1068
+20
🇨🇭 Cumans · Switzerland
1170
-19
🇹🇼 Armenians · Taiwan
1145
-18
🇹🇼 Dravidians · Taiwan
1130
-17
吐司_ARIES
10:22 Loom
14:40 Feudal Age
19:45 Castle Age
17:50 Double-Bit Axe
21:41 Bow Saw
22:09 Horse Collar
27:45 Heavy Plow
34:54 Wheelbarrow
34:58 Pikeman
35:39 Squires
36:05 Scale Mail Armor
36:15 Forging
40:03 Imperial Age
40:39 Chain Mail Armor
41:00 Iron Casting
40:58 Halberdier
43:05 Plate Mail Armor
43:11 Iron Casting
48:53 Plate Mail Armor
48:59 Iron Casting
stevenfenner59
6:42 Loom
9:33 Loom
12:05 Feudal Age
20:35 Castle Age
19:08 Double-Bit Axe
20:34 Wheelbarrow
23:12 Fletching
25:17 Padded Archer Armor
26:18 Town Watch
29:21 Ballistics
29:51 Leather Archer Armor
31:39 Bodkin Arrow
軍 團 兵 2 號
5:05 Loom
12:54 Feudal Age
13:38 Man-at-Arms
14:30 Long Swordsman
17:52 Arson
29:07 Castle Age
32:29 Horse Collar
33:42 Double-Bit Axe
35:45 Heavy Plow
35:58 Bow Saw
41:37 Pikeman
42:06 Gambesons
42:29 Squires
43:35 Scale Mail Armor
43:46 Forging
44:32 Halberdier
47:19 Wheelbarrow
48:50 Chain Mail Armor
H wont help
5:19 Loom
13:15 Feudal Age
14:13 Double-Bit Axe
20:40 Castle Age
22:47 Town Watch
23:41 Wheelbarrow
31:16 Hand Cart
31:25 Forging
33:44 Scale Barding Armor
35:25 Bow Saw
39:27 Imperial Age
37:37 Husbandry
38:23 Iron Casting
38:12 Ballistics
38:27 Town Patrol
38:56 Chain Barding Armor
39:07 Murder Holes
39:04 Fletching
39:52 Masonry
39:49 Scale Mail Armor
41:28 Blast Furnace
39:53 Cavalier
41:59 Plate Barding Armor
41:25 Gold Mining
41:27 Stone Mining
41:46 Chivalry
42:09 Conscription
43:19 Bodkin Arrow
43:56 Paladin
48:20 Scale Mail Armor
48:21 Padded Archer Armor
48:10 Arrowslits
49:25 Chemistry
waiyeung
10:35 Loom
12:58 Feudal Age
14:37 Double-Bit Axe
20:02 Castle Age
18:32 Horse Collar
19:06 Bloodlines
18:49 Gold Mining
19:58 Scale Barding Armor
20:52 Forging
23:35 Husbandry
25:53 Chain Barding Armor
28:58 Iron Casting
30:35 Wheelbarrow
30:18 Light Cavalry
31:44 Town Watch
34:12 Bow Saw
40:41 Stone Mining
44:50 Imperial Age
42:40 Hand Cart
43:44 Fervor
45:07 Cavalier
46:31 Plate Barding Armor
46:59 Blast Furnace
46:24 Ballistics
47:23 Conscription
46:41 Heavy Scorpion
48:24 Chemistry
49:23 Siege Engineers
aśoka
10:43 Loom
13:35 Feudal Age
21:22 Double-Bit Axe
27:20 Castle Age
26:12 Bloodlines
27:39 Forging
28:12 Wheelbarrow
27:45 Scale Barding Armor
28:32 Bow Saw
28:48 Horse Collar
32:07 Chain Barding Armor
35:22 Iron Casting
35:31 Heavy Plow
38:56 Hand Cart
41:35 Careening
43:58 Imperial Age
43:53 Stone Mining
43:53 Gold Mining
45:39 Plate Barding Armor
46:06 Blast Furnace
45:00 Cavalier
45:16 Cavalier
45:57 Husbandry
47:42 Chemistry
46:48 Siege Engineers
47:04 Ballistics
46:55 Masonry
46:42 Murder Holes
46:57 Fortified Wall
Connection lost

Rejoining the realm…

Still unreachable

The connection could not be restored.

Session expired

The server has moved on; the page needs a fresh start.